 Dungeon Crawl Stone Soup version 0.31-a0-662-g684573625c (webtiles) character file.

Game seed: 13806715194057444378

35269 senseless the Thaumaturge (level 13, -7/76 HPs)
             Began as a Gargoyle Earth Elementalist on Aug 31, 2023.
             Was the Champion of Ru.
             Mangled by a demonic crawler (12 damage)
             ... on level 1 of the Spider Nest on Sept 2, 2023.
             The game lasted 00:59:12 (13899 turns).

senseless the Thaumaturge (GrEE)                   Turns: 13899, Time: 00:59:12

Health: -7/76      AC: 22    Str: 12    XL:     13   Next: 82%
Magic:  2/39       EV: 14    Int: 23    God:    Ru [******]
Gold:   1054       SH:  4    Dex: 10    Spells: 15/39 levels left

rFire   x . .        B - staff of earth
rCold   x . .        I - +0 buckler
rNeg    + . .        C - +0 steam dragon scales
rPois   ∞            c - +2 helmet
rElec   +            Q - +0 cloak
rCorr   .            V - +2 pair of gloves of Tortelloni {Slay+3}
SInv    .            d - +0 pair of boots
Will    .....        v - amulet of magic regeneration
Stlth   ++++         h - ring of magical power
HPRegen 0.32/turn    o - ring of Rinakkel {Wiz Int+2 Stlth+}
MPRegen 0.66/turn

%: wizardry (x1)
@: very slightly contaminated
A: sickness immunity, AC +9, negative energy resistance 1, electricity
resistance, torment resistance 1, petrification resistance, inability to use
devices, hated by all, inability to train armour, temperature sensitive, no
forms
a: Renounce Religion, Draw Out Power, Power Leap, Apocalypse


You were on level 1 of the Spider Nest.
You worshipped Ru.
Ru was exalted by your worship.
You visited 3 branches of the dungeon, and saw 16 of its levels.
You also visited: Ossuary.

You collected 1054 gold pieces.

Inventory:

Hand Weapons
 a - a +2 mace of protection
 k - a +4 dagger of electrocution
 G - a +2 antimagic trident
 O - the +7 quarterstaff "Eviscerator" {elec, rElec rPois rN+ Will+}
   (You found it on level 13 of the Dungeon)

   rElec:     It insulates you from electricity.
   rPois:     It protects you from poison rN+: It protects you from negative
   energy.
   Will+:     It increases your willpower.
Missiles
 p - 5 curare-tipped darts
Armour
 c - a +2 helmet (worn)
 d - a +0 pair of boots (worn)
 q - +0 acid dragon scales
 C - +0 steam dragon scales (worn)
 H - the +3 chain mail of Failure {SInv}
   (You found it on level 11 of the Dungeon)

   SInv:      It lets you see invisible.
 I - a +0 buckler (worn)
 Q - a +0 cloak (worn)
 R - a +0 kite shield
 V - the +2 pair of gloves of Tortelloni (worn) {Slay+3}
   (You found it on level 2 of the Lair of Beasts)

   Slay+3:    It affects your accuracy & damage with ranged weapons and melee
   (+3).
Magical Staves
 B - a staff of earth (weapon)
Jewellery
 h - a ring of magical power (left hand)
 o - the ring of Rinakkel (right hand) {Wiz Int+2 Stlth+}
   (You found it on level 4 of the Dungeon)

   [ring of wizardry]

   Wiz:       It improves your spell success rate.
   Int+2:     It affects your intelligence (+2).
   Stlth+:    It makes you more stealthy.
 s - a +6 ring of dexterity
 t - a ring of willpower
 v - an amulet of magic regeneration (around neck)
 x - an amulet of reflection
 y - a +6 ring of intelligence
 J - a ring of positive energy
 T - a +6 ring of intelligence
Scrolls
 f - 5 scrolls of fog
 g - 7 scrolls of teleportation
 m - 2 scrolls of blinking
 r - a scroll of poison
 u - 2 scrolls of vulnerability
 w - 2 scrolls of revelation
 D - 2 scrolls of identify
 K - a scroll of torment
 L - a scroll of enchant weapon
 M - a scroll of immolation
 N - a scroll of brand weapon {unknown}
 P - a scroll of amnesia {unknown}
 U - a scroll of fear
Potions
 b - 3 potions of magic
 e - a potion of resistance
 i - a potion of berserk rage
 j - 3 potions of mutation
 l - 8 potions of curing
 n - 7 potions of heal wounds
 z - 2 potions of might
 A - a potion of attraction
 E - a potion of haste
 F - a potion of invisibility
 S - a potion of enlightenment {unknown}


   Skills:
 - Level 7.0 Fighting
 + Level 3.1 Staves
 + Level 9.4 Dodging
 - Level 6.0 Stealth
 + Level 3.5 Shields
 + Level 13.8 Spellcasting
 + Level 9.5 Conjurations
 - Level 3.1 Transmutations
 + Level 11.1 Earth Magic


You had 15 spell levels left.
You knew the following spells:

 Your Spells              Type           Power      Damage    Failure   Level
a - Sandblast             Erth           100%       2d20      1%          1
b - Stone Arrow           Conj/Erth      100%       3d13      1%          3
c - Iskenderun's Mystic   Conj/Tloc      37%        2d9       3%          4
d - Iskenderun's Battles  Conj           56%        2d11      1%          5
e - Leda's Unmaking       Conj/Erth      38%        9d7       4%          6
f - Lee's Rapid Deconstr  Erth           39%        3d19*     1%          5

Your spell library contained the following spells:

 Spells                   Type           Power      Damage    Failure   Level
 Passwall                 Tmut/Erth      54%        N/A       1%          2
 Mephitic Cloud           Conj/Pois/Air  30%        N/A       1%          3
 Petrify                  Tmut/Erth      65%        N/A       1%          4
 Lesser Beckoning         Tloc           30%        N/A       3%          2
 Poisonous Vapours        Pois/Air       30%        N/A       3%          2
 Sticky Flame             Conj/Fire      37%        2d6       3%          4
 Ignite Poison            Fire/Tmut/Pois 20%        N/A       4%          3
 Gell's Gravitas          Tloc           15%        N/A       6%          3
 Inner Flame              Hex/Fire       15%        N/A       6%          3
 Portal Projectile        Hex/Tloc       30%        N/A       6%          3
 Teleport Other           Tloc           15%        N/A       6%          3
 Freezing Cloud           Conj/Ice/Air   15%        6-21      16%         5
 Anguish                  Hex/Necr       7%         N/A       21%         4
 Cause Fear               Hex            7%         N/A       21%         4
 Yara's Violent Unravell  Hex/Tmut       11%        3d6       28%         5
 Enfeeble                 Hex            7%         N/A       100%        7
 Ignition                 Fire           7%         3d5       100%        8
 Animate Armour           Summ/Erth      Unusable   N/A       N/A         4
 Tukima's Dance           Hex            Unusable   N/A       N/A         3
 Summon Lightning Spire   Summ/Air       Unusable   N/A       N/A         4
 Spellforged Servitor     Conj/Summ      Unusable   N/A       N/A         7

Dungeon Overview and Level Annotations

Branches:
Dungeon (13/15)            Temple (0/1) D:7            Lair (2/5) D:10
 Shoals (0/4) Lair:2       Spider (1/4) Lair:2          Orc (0/2) D:10
Ossuary (visited)
 Vaults: D:13-14

Altars:
Cheibriados
Elyvilon
Ru
Trog
Uskayaw
Zin

Shops:
D:5 :[[   D:6 =

Portals:
Trove: D:10 (give 14 scrolls of teleportation)

Annotations:
D:6 1 runed translucent door, makewrite's ghost, novice MiGl
D:8 1 runed translucent door
Lair:1 3 runed translucent doors, AceOff's ghost, novice DrAE
Spider:1 Frances


Innate Abilities, Weirdness & Mutations

You are immune to sickness and miasma.
Your stone body is resilient. (AC +9)
You are immune to poison.
You resist negative energy. (rN+)
You are resistant to electric shocks. (rElec)
You are resistant to unholy torment.
You are immune to petrification.
You cannot study or use magical devices.
You are hated by all.
You cannot train Armour skill.
You are sensitive to extremes of temperature. (rF-, rC-)
You cannot voluntarily change form.


Message History

Casting: Leda's Unmaking (dangerous; 4% risk of failure)
Confirm with . or Enter, or press ? or * to list all spells.
Aiming: Leda's Unmaking (dangerous; 4% risk of failure)
Press: ? - help, Shift-Dir - straight line, f/p - Frances
Aim: Frances, wielding a +5 battleaxe of flaming and wearing a +2 chain mail of cold resistance (moderately wounded, fast, 82% to hit)
You feel a surge of power!
The entropic shot hits Frances!!
Frances is severely wounded.
The demonic crawler is stunned by your conviction and fails to attack.
You block Frances's attack.
Casting: Leda's Unmaking (dangerous; 4% risk of failure)
Confirm with . or Enter, or press ? or * to list all spells.
Aiming: Leda's Unmaking (dangerous; 4% risk of failure)
Press: ? - help, Shift-Dir - straight line, f/p - Frances
Aim: Frances, wielding a +5 battleaxe of flaming and wearing a +2 chain mail of cold resistance (severely wounded, fast, 82% to hit)
You feel a surge of power!
The entropic shot misses Frances.
Frances mutters a nigh-unspeakable word.
Frances screams a word of power!
The demonic crawler barely misses you. The demonic crawler hits you.
The demonic crawler hits you but does no damage.
Frances hits you but does no damage.
Casting: Leda's Unmaking (dangerous; 4% risk of failure)
Confirm with . or Enter, or press ? or * to list all spells.
You don't have enough magic to cast this spell.
Casting: Leda's Unmaking (dangerous; 4% risk of failure)
Confirm with . or Enter, or press ? or * to list all spells.
Aiming: Stone Arrow (safe; 1% risk of failure)
Press: ? - help, Shift-Dir - straight line, f/p - Frances
Aim: Frances, wielding a +5 battleaxe of flaming and wearing a +2 chain mail of cold resistance (severely wounded, fast, 84% to hit)
You feel a surge of power!
The stone arrow hits Frances!
Frances is severely wounded.
The demonic crawler completely misses you.
The demonic crawler hits you!
The demonic crawler hits you but does no damage.
Frances hits you with a +5 battleaxe of flaming!
* * * LOW HITPOINT WARNING * * *
Frances burns you!
* * * LOW HITPOINT WARNING * * *
You focus your inner power and slow Frances in retribution!
The demonic crawler barely misses you. The demonic crawler hits you!
You die...

##.........#...#^.
###†...†.........
#^..#.........#
######.......# . #
##.....## ..#.
###......## .....
##.........#
......#...#....###
.^....s@..##....#
#.....@.3.# ..###
#$#.......# .##
#.......# ^#
###.##.## ## ###


You could see Frances (fast, slow), a demonic crawler and a sun demon
(summoned).

Vanquished Creatures
  Snorg (D:13)
  Josephine (D:12)
  2 hydras
  A boulder beetle (D:13)
  2 centaur warriors (D:13)
  A two-headed ogre (D:13)
  A pharaoh ant (Spider:1)
  An orb spider (Spider:1)
  4 deep elf pyromancers
  4 wolf spiders
  2 ugly things (D:13)
  2 cyclopes
  A black mamba (Lair:2)
  Maggie (Lair:2)
  4 gargoyles
  An unseen horror (D:10)
  2 cane toads (Lair:2)
  2 kobold demonologists (D:13)
  5 komodo dragons
  7 trolls
  11 blink frogs
  2 jumping spiders (Spider:1)
  A shadow (D:6)
  6 wraiths
  3 culicivoras
  3 vampires
  A wyvern (Lair:2)
  18 yaks
  4 redbacks (Spider:1)
  A basilisk (D:10)
  4 vampire mosquitoes (D:12)
  7 steam dragons
  7 water moccasins
  4 acid dragons
  6 orc warriors
  4 sky beasts
  2 ice beasts
  3 black bears
  An ogre (D:5)
  7 centaurs
  6 kobold brigands
  2 phantoms
  3 elf zombies (Ossuary)
  6 bullfrogs
  2 gnoll sergeants
  2 scorpions
  13 killer bees
  2 howler monkeys
  4 centaur zombies (Ossuary)
  6 jellies
  A gnoll bouda (D:9)
  An orc priest (D:7)
  4 hounds
  5 human zombies (Ossuary)
  2 iguanas
  6 orc wizards
  2 sleepcaps
  3 mummies (Ossuary)
  19 gnolls
  2 adders
  2 white imps (D:7)
  An ufetubus (D:5)
  4 worms
  2 dart slugs
  31 orcs
  7 endoplasms
  4 giant cockroaches
  5 goblins
  2 hobgoblins
  3 jackals
  16 kobolds
  5 quokkas
  11 ball pythons
  6 bats
  2 frilled lizards (D:2)
  A quokka zombie (D:5)
  7 rats
  A rat zombie (D:5)
341 creatures vanquished.

Vanquished Creatures (others)
  A tarantella (Spider:1)
  A goblin (D:3)
2 creatures vanquished.

Grand Total: 343 creatures vanquished

Notes
Turn   | Place    | Note
-------+----------+-------------------------------------------
     0 | D:1      | senseless the Gargoyle Earth Elementalist began the quest
                  | for the Orb.
     0 | D:1      | Reached XP level 1. HP: 10/10 MP: 3/3
   354 | D:1      | Found a faded altar of an unknown god.
   420 | D:1      | Prayed at the altar of an unknown god.
   420 | D:1      | Became a worshipper of Ru the Awakened
   443 | D:1      | Gained mutation: You cannot train Armour skill. [Ru
                  | sacrifice]
   443 | D:1      | Reached * piety under Ru
   604 | D:1      | Reached skill level 1 in Transmutations
   604 | D:1      | Reached XP level 2. HP: 15/15 MP: 1/5
  1270 | D:2      | Reached XP level 3. HP: 19/19 MP: 0/6
  1280 | D:2      | Learned a level 3 spell: Stone Arrow
  1623 | D:2      | Reached XP level 4. HP: 20/24 MP: 0/7
  2574 | D:3      | Reached skill level 1 in Conjurations
  2635 | D:3      | Reached XP level 5. HP: 10/28 MP: 8/8
  2788 | D:3      | Gained mutation: You cannot study or use magical devices.
                  | [Ru sacrifice]
  2788 | D:3      | Reached ** piety under Ru
  2788 | D:3      | Reached *** piety under Ru
  3341 | D:4      | Noticed a black bear
  3347 | D:4      | Killed a black bear
  3348 | D:4      | Reached skill level 3 in Spellcasting
  3348 | D:4      | Reached XP level 6. HP: 30/32 MP: 10/10
  3711 | D:4      | Reached skill level 5 in Earth Magic
  3711 | D:4      | Reached XP level 7. HP: 36/36 MP: 11/11
  3726 | D:4      | Identified the ring of Rinakkel {Wiz Int+2 Stlth+}
  3964 | D:5      | Entered Level 5 of the Dungeon
  3964 | D:5      | Found Oska's Armour Emporium.
  4199 | D:5      | Found a sand-covered staircase.
  4220 | Ossuary  | Entered an ossuary
  4379 | Ossuary  | Reached XP level 8. HP: 27/41 MP: 13/13
  4384 | Ossuary  | Reached skill level 5 in Stealth
  4528 | Ossuary  | Reached skill level 4 in Spellcasting
  4646 | D:5      | Reached skill level 11 in Spellcasting
  4646 | D:5      | Reached XP level 9. HP: 45/45 MP: 23/24
  4647 | D:5      | Reached XP level 10. HP: 61/61 MP: 23/25
  4811 | D:5      | Found Tyuterr's Armour Emporium.
  4906 | D:5      | Found Xeghomes's Book Boutique.
  5204 | D:6      | Gained mutation: You cannot voluntarily change form. [Ru
                  | sacrifice]
  5245 | D:6      | Noticed makewrite's ghost (novice MiGl)
  5247 | D:6      | Found a runed translucent door.
  5556 | D:6      | Found Ocveutoe's Jewellery Shop.
  5718 | D:7      | Learned a level 4 spell: Iskenderun's Mystic Blast
  5787 | D:7      | Found a staircase to the Ecumenical Temple.
  5817 | D:7      | Reached skill level 12 in Spellcasting
  5869 | D:7      | Found a bloodstained altar of Trog.
  6532 | D:7      | Reached XP level 11. HP: 67/67 MP: 27/27
  6887 | D:8      | Found a runed translucent door.
  6947 | D:8      | Found a runed translucent door.
  7277 | D:8      | Reached skill level 5 in Conjurations
  7305 | D:8      | Noticed an eight-headed hydra
  7309 | D:8      | Killed an eight-headed hydra
  7337 | D:8      | Noticed a cyclops
  7347 | D:8      | Killed a cyclops
  7371 | D:8      | Gained mutation: You are hated by all. [Ru sacrifice]
  7371 | D:8      | Reached **** piety under Ru
  7765 | D:9      | Learned a level 5 spell: Iskenderun's Battlesphere
  8479 | D:10     | Entered Level 10 of the Dungeon
  8493 | D:10     | Found a white marble altar of Elyvilon.
  8580 | D:10     | Found a portal to a secret trove of treasure.
  8589 | D:10     | Found a staircase to the Orcish Mines.
  8899 | D:10     | Found a staircase to the Lair.
  9307 | D:11     | Reached XP level 12. HP: 72/72 MP: 18/28
  9798 | D:11     | Noticed a +0 dagger
  9805 | D:11     | Identified the +3 chain mail of Failure {SInv}
  9807 | D:11     | Found a hide-covered altar of Uskayaw.
  9967 | D:11     | Learned a level 6 spell: Leda's Unmaking
 10255 | D:12     | Noticed Josephine
 10266 | D:12     | Reached skill level 13 in Spellcasting
 10271 | D:12     | Killed Josephine
 10870 | D:13     | Noticed Snorg
 10874 | D:13     | Killed Snorg
 10974 | D:13     | Noticed a centaur warrior
 10979 | D:13     | Killed a centaur warrior
 10983 | D:13     | Reached skill level 10 in Earth Magic
 11013 | D:13     | Noticed a boulder beetle
 11021 | D:13     | Killed a boulder beetle
 11114 | D:13     | Reached XP level 13. HP: 73/76 MP: 30/30
 11133 | D:13     | Found a snail-covered altar of Cheibriados.
 11513 | D:13     | Identified the +7 quarterstaff "Eviscerator" {elec, rElec
                  | rPois rN+ Will+}
 11720 | Lair:1   | Entered Level 1 of the Lair of Beasts
 11731 | Lair:1   | Learned a level 5 spell: Lee's Rapid Deconstruction
 11850 | Lair:1   | Noticed AceOff's ghost (novice DrAE)
 11851 | Lair:1   | Found a runed translucent gate.
 11851 | Lair:1   | Found a runed translucent gate.
 11851 | Lair:1   | Found a runed translucent gate.
 11933 | Lair:1   | Reached skill level 1 in Shields
 11939 | Lair:1   | Reached skill level 1 in Staves
 12571 | Lair:2   | Found a glowing silver altar of Zin.
 12573 | Lair:2   | Noticed Maggie
 12581 | Lair:2   | Killed Maggie
 12595 | Lair:2   | Gained mutation: You are sensitive to extremes of
                  | temperature. (rF-, rC-) [Ru sacrifice]
 12595 | Lair:2   | Reached ***** piety under Ru
 12595 | Lair:2   | Reached ****** piety under Ru
 13096 | Lair:2   | Identified the +2 pair of gloves of Tortelloni {Slay+3}
 13123 | Lair:2   | Found a staircase to the Shoals.
 13308 | Lair:2   | Found a hole to the Spider Nest.
 13625 | Spider:1 | Entered Level 1 of the Spider Nest
 13887 | Spider:1 | Noticed Frances
 13899 | Spider:1 | Mangled by a demonic crawler

Illustrated notes

Levels and vault maps discovered:
D:1:      dreamdust_arrival_sigmund_warning, layout_basic,
          ebering_ecumenical_altar_box, minmay_domino_2
D:2:      layout_basic, minmay_guardbox
D:3:      minmay_door_path, layout_basic, serial_bayou_pond_d
D:4:      layout_cave_pools
D:5:      layout_rooms, serial_shops, shop, nicolae_inconvenience_store,
          nicolae_stop_n_shop_2, enter_ossuary_4, minmay_misc_feat_four_crosses
D:6:      layout_cave_pools, serial_shops, nicolae_shop_tiny_real_fake_doors,
          hellmonk_ghost_happy_afterlife
D:7:      layout_loops_ring, mainiacjoe_overflow_concentric_impassable,
          minmay_temple_entry_junction_2, hangedman_misty_isle
D:8:      cheibrodos_histonic, layout_rooms
D:9:      layout_layer_cave, nicolae_letterblocks [nicolae_letter_subblock,
          nicolae_letter_subblock, nicolae_letter_subblock,
          nicolae_letter_subblock, nicolae_letter_subblock,
          nicolae_letter_subblock, nicolae_letter_subblock,
          nicolae_letter_subblock, nicolae_letter_subblock,
          nicolae_letter_subblock, nicolae_letter_subblock,
          nicolae_letter_subblock, nicolae_letter_subblock,
          nicolae_letter_subblock, nicolae_letter_subblock,
          nicolae_letter_subblock, nicolae_letter_subblock,
          nicolae_letter_subblock, nicolae_letter_subblock,
          nicolae_letter_subblock, nicolae_letter_subblock,
          nicolae_letter_subblock, nicolae_letter_subblock,
          nicolae_letter_subblock, nicolae_letter_subblock]
D:10:     layout_big_octagon, elyvilon_altar_1, erik_lair_dragon, orc_0_dummy,
          enter_trove_3
D:11:     layout_roguey, dancing_weapons_uskayaw
D:12:     layout_roguey, uniq_josephine
D:13:     layout_roguey, kennysheep_slug_shrine, uniq_snorg
Lair:1:   layout_gridlike, gammafunk_ghost_split
Lair:2:   layout_loops_ring, minmay_shoals_entry_centaurs,
          spider_nest_entry_funnel_web, basic_altar, serial_bayou_shore_a,
          infiniplex_staircase_pool_2, uniq_maggie
Spider:1: layout_spider_delve, uniq_frances

Skill      XL: |  1  2  3  4  5  6  7  8  9 10 11 12 13 |
---------------+----------------------------------------+-----
Transmutations | 1 2 3 |  3.1
Earth Magic    | 4 5 6 8 10 11 | 11.1
Dodging        | 2 3 6 7 8 9 |  9.4
Stealth        | 3 4 5 6 |  6.0
Conjurations   | 1 2 3 4 6 8 9 |  9.5
Spellcasting   | 3 11 12 13 | 13.8
Fighting       | 6 7 |  7.0
Shields        | 3 |  3.5
Staves         | 3 |  3.1

Action                     |  1- 3 |  4- 6 |  7- 9 | 10-12 | 13-15 || total
---------------------------+-------+-------+-------+-------+-------++-------
  Melee: Unarmed           |    18 |     7 |       |       |       ||    25
         Hand axe          |       |     8 |       |       |       ||     8
         Dagger            |       |    11 |     9 |    12 |       ||    32
         Punch             |       |       |     1 |     1 |       ||     2
         Mace              |       |       |       |     7 |       ||     7
         Staff             |       |       |       |    20 |     1 ||    21
   Cast: Sandblast         |    57 |    69 |    68 |     5 |     3 ||   202
         Stone Arrow       |       |     4 |    11 |   393 |   148 ||   556
         Iskenderun's Batt |       |       |       |     3 |       ||     3
         Leda's Unmaking   |       |       |       |     5 |     2 ||     7
         Lee's Rapid Decon |       |       |       |       |    15 ||    15
 Invoke: Sacrifice Durabil |     1 |       |       |       |       ||     1
         Sacrifice Artific |       |     1 |       |       |       ||     1
         Draw Out Power    |       |       |     1 |     1 |     1 ||     3
         Sacrifice Forms   |       |       |       |     1 |       ||     1
         Sacrifice Love    |       |       |       |     1 |       ||     1
         Reject Sacrifices |       |       |       |     1 |       ||     1
         Sacrifice Resista |       |       |       |       |     1 ||     1
    Use: Scroll            |       |     3 |     7 |    16 |       ||    26
         Potion            |       |       |     2 |       |       ||     2
   Stab: Sleeping          |       |       |     2 |       |       ||     2
 Armour: Robe              |    20 |    49 |    62 |    63 |       ||   194
         Steam dragon scal |       |       |       |    72 |    70 ||   142
  Dodge: Dodged            |    28 |    43 |    58 |   121 |    58 ||   308
  Block: Buckler           |       |       |       |     8 |    18 ||    26

Table legend: (Time is in decaauts)
 A = Elapsed time spent in this place.
 B = Non-inter-level travel time spent in this place.
 C = Inter-level travel time spent in this place.
 D = Time resting spent in this place.
 E = Time spent auto-exploring this place.
 F = Levels seen in this place.
 G = Mean time per level.
                   A        B        C        D        E       F      G
               +--------+--------+--------+--------+--------+-----+--------+
         Total |  14034 |  13498 |    536 |    162 |  11195 |  17 |  825.5 |
       Dungeon |  11389 |  10896 |    493 |    162 |   9028 |  13 |  876.1 |
          Lair |   1915 |   1873 |     42 |      0 |   1640 |   2 |  957.5 |
   Spider Nest |    273 |    273 |      0 |      0 |    201 |   1 |  273.0 |
       Ossuary |    454 |    454 |      0 |      0 |    326 |   1 |  454.0 |
               +--------+--------+--------+--------+--------+-----+--------+

Top non-repeatable levels by time:
     D:2: 1283 daAuts
  Lair:2: 1105 daAuts
     D:1: 1070 daAuts
     D:7: 1030 daAuts
     D:3: 1015 daAuts
     D:9: 940 daAuts
    D:13: 873 daAuts
    D:10: 823 daAuts
     D:8: 819 daAuts
    D:12: 814 daAuts
  Lair:1: 810 daAuts
     D:5: 761 daAuts
    D:11: 757 daAuts
     D:4: 660 daAuts
     D:6: 541 daAuts
